 Dungeon Crawl Stone Soup version 0.20.0-8-g6b59dc7 (webtiles) character file.

5388 Esekla the Slicer (level 10, -2/60 HPs)
             Began as an Octopode Enchanter on June 3, 2017.
             Was a Believer of Sif Muna.
             Slain by a two-headed ogre
             ... wielding a +0 giant club
              (11 damage)
             ... on level 9 of the Dungeon.
             The game lasted 01:46:08 (9469 turns).

Esekla the Slicer (Octopode Enchanter)              Turns: 9469, Time: 01:46:10

Health: -2/60      AC:  1    Str: 11    XL:     10   Next: 66%
Magic:  13/15      EV: 22    Int: 25    God:    Sif Muna [**....]
Gold:   487        SH: 10    Dex: 13    Spells: 6/16 levels left

rFire    . . .     SeeInvis .   P - +4 Vampire's Tooth {vamp}
rCold    . . .     Gourm    .   L - +2 buckler
rNeg     . . .     Faith    .   (helmet restricted)
rPois    .         Spirit   .   d - +3 amulet of reflection
rElec    .         Reflect  +   g - ring of protection from magic
rCorr    .         Harm     .   k - ring of protection from magic
MR       ++...                  p - ring of stealth
Stlth    +++++.....             c - +2 ring of evasion
Regen    0.2/turn               z - +4 ring of strength
MPRegen  0.2/turn               E - +4 ring of intelligence
                                H - +2 ring of evasion
                                N - +2 ring of evasion

@: no status effects
A: almost no armour, stealthy swim, amphibious, 8 rings, constrict 8, camouflage
1, gelatinous body 1
a: Divine Energy, Renounce Religion


You were on level 9 of the Dungeon.
You worshipped Sif Muna.
Sif Muna was pleased with you.
You were not hungry.

You visited 2 branches of the dungeon, and saw 11 of its levels.

You collected 487 gold pieces.

Inventory:

Hand Weapons
 P - the +4 Vampire's Tooth (weapon) {vamp}
   (You found it on level 6 of the Dungeon)

   It inflicts no extra harm, but heals its wielder when it wounds a living foe.
 R - a cursed -3 dagger
Missiles
 a - 5 sling bullets
 q - 181 stones
 t - 19 tomahawks (quivered)
Armour
 L - a +2 buckler (worn)
Jewellery
 c - a +2 ring of evasion (on tentacle)
 d - a +3 amulet of reflection (around mantle)
 g - a ring of protection from magic (left tentacle)
 k - a ring of protection from magic (right tentacle)
 m - an uncursed amulet of the gourmand
 p - a ring of stealth (on tentacle)
 z - a +4 ring of strength (on tentacle)
 E - a +4 ring of intelligence (on tentacle)
 H - a +2 ring of evasion (on tentacle)
 J - a +2 ring of strength
 N - a +2 ring of evasion (on tentacle)
 T - a +2 ring of strength
Wands
 y - a wand of iceblast (8/15)
 I - a wand of iceblast (9/15)
Scrolls
 f - 7 scrolls of recharging
 i - 6 scrolls of teleportation
 j - 4 scrolls of fear {unknown}
 n - a scroll of enchant armour {unknown}
 o - 2 scrolls of blinking {unknown}
 s - 3 scrolls of remove curse {unknown}
 w - a scroll of immolation {unknown}
 C - 2 scrolls of fog {unknown}
 K - a scroll of magic mapping {unknown}
 M - a scroll of silence {unknown}
Potions
 e - 6 potions of curing
 h - 2 potions of magic {unknown}
 l - 4 potions of lignification
 r - 2 potions of mutation {unknown}
 u - a potion of resistance {unknown}
 v - a potion of berserk rage {unknown}
 x - 2 potions of agility
 B - a potion of invisibility {unknown}
 D - 2 potions of haste
 G - a potion of cancellation
 O - a potion of might
 S - a potion of degeneration {unknown}
Books
 b - a book of Maledictions

   Spells                             Type                      Level
   a - Corona                         Hexes                        1
   b - Ensorcelled Hibernation        Hexes/Ice                    2
   c - Confuse                        Hexes                        3
   d - Tukima's Dance                 Hexes                        3
   e - Dazzling Spray                 Conjuration/Hexes            3
Comestibles
 A - 3 meat rations
 F - 7 royal jellies
 Q - a bread ration


   Skills:
 - Level 2.1 Fighting
 * Level 9.4 Short Blades
 + Level 6.5 Dodging
 - Level 7.0 Stealth
 + Level 5.4 Shields
 + Level 3.9 Spellcasting
 * Level 5.5 Conjurations
 + Level 4.8 Hexes


You had 6 spell levels left.
You knew the following spells:

 Your Spells              Type           Power        Failure   Level  Hunger
a - Corona                Hex            ####...      1%          1    None
b - Tukima's Dance        Hex            ####....     3%          3    ##.....
c - Dazzling Spray        Conj/Hex       ####..       3%          3    ##.....
d - Confuse               Hex            ####....     3%          3    ##.....


Dungeon Overview and Level Annotations

Branches:
Dungeon (10/15)            Temple (1/1) D:5             Orc (0/2) D:9
   Lair: D:8-11

Altars:
Ashenzari
Cheibriados
Dithmenos
Elyvilon
Fedhas
Gozag
Hepliaklqana
Kikubaaqudgha
Makhleb
Nemelex Xobeh
Okawaru
Qazlal
Ru
Sif Muna
Trog
Uskayaw
Vehumet
Xom
Yredelemnul
Zin
The Shining One

Annotations:
D:8 Pikel


Innate Abilities, Weirdness & Mutations

You cannot wear most types of armour.
You are very stealthy in the water. (Stealth+)
You are amphibious.
You can wear up to eight rings at the same time.
You can use your tentacles to constrict eight enemies at once.
Your skin changes colour to match your surroundings (Stealth+).
Your rubbery body absorbs attacks. (AC +1, EV +1)


Message History

Ouch! That really hurt!
The two-headed ogre hits you with a giant club!!
* * * LOW HITPOINT WARNING * * *
Okay, then.
You hit the two-headed ogre.
The two-headed ogre is heavily wounded.
You puncture the two-headed ogre!
You squeeze the two-headed ogre, but do no damage.
The two-headed ogre is severely wounded.
You barely miss the two-headed ogre.
The two-headed ogre is severely wounded.
You block the two-headed ogre's attack. The two-headed ogre misses you.
Your giant club closely misses the two-headed ogre.
You hit the two-headed ogre. You squeeze the two-headed ogre!
The two-headed ogre is almost dead.
You closely miss the two-headed ogre.
The two-headed ogre is almost dead.
The two-headed ogre barely misses you.
The two-headed ogre hits you with a giant club!
You die...

#..### #....# #############
#....## #...........# #......
#........$$.# #......
#.........).# #......
#...........###########......
.............................
............@O..........(....
##########......(..######..######
.........#'##......#....'..#
............#.....(#....#..#
............#......#....#.)#
.)...#####.†###....##+###..#
.....## #.>..#............#
......# #....#............######
#####.# #....#..########.......#


You could see a two-headed ogre and a friendly giant club.

Vanquished Creatures
  A queen bee (D:8)
  A hippogriff (D:7)
  A yak (D:9)
  A hungry ghost (D:7)
  2 ice beasts
  A sky beast (D:9)
  5 ogres
  3 slaves
  2 phantoms (D:6)
  A centaur (D:7)
  9 bullfrogs
  A gnoll sergeant (D:7)
  2 scorpions (D:6)
  20 killer bees
  2 vampire bats (D:6)
  2 howler monkeys
  5 crimson imps
  7 hounds
  A bullfrog zombie (D:5)
  6 orc priests
  3 bullfrog skeletons
  5 orc wizards
  4 iguanas
  Jessica (D:3)
  Ijyb (D:4)
  4 worker ants
  A howler monkey zombie (D:5)
  2 worker ant zombies
  11 gnolls
  13 adders
  3 oozes
  3 adder zombies
  4 worms
  6 dart slugs
  8 leopard geckos
  24 orcs
  12 bats
  6 giant cockroaches
  18 goblins
  8 hobgoblins
  5 jackals
  2 quokkas
  5 frilled lizards
  9 kobolds
  A leopard gecko skeleton (D:5)
  2 leopard gecko zombies (D:5)
  A quokka skeleton (D:5)
  A quokka zombie (D:6)
  4 rats
240 creatures vanquished.

Vanquished Creatures (collateral kills)
  A two-headed ogre (D:8)
  An ogre (D:9)
  A killer bee (D:8)
  An orc (D:9)
4 creatures vanquished.

Vanquished Creatures (others)
  4 plants (D:5)
4 creatures vanquished.

Grand Total: 248 creatures vanquished

Notes
Turn   | Place    | Note
-------+----------+-------------------------------------------
     0 | D:1      | Esekla the Octopode Enchanter began the quest for the Orb.
     0 | D:1      | Reached XP level 1. HP: 11/11 MP: 3/3
   170 | D:1      | Reached XP level 2. HP: 18/18 MP: 5/5
   556 | D:1      | Reached skill level 1 in Fighting
   556 | D:1      | Reached XP level 3. HP: 23/23 MP: 6/6
   677 | D:1      | Learned a level 3 spell: Tukima's Dance
   745 | D:2      | Found a shimmering altar of Xom.
  1174 | D:3      | Noticed Jessica
  1235 | D:3      | Killed Jessica
  1235 | D:3      | Reached XP level 4. HP: 28/28 MP: 7/7
  1329 | D:5      | Entered Level 5 of the Dungeon
  1435 | D:3      | Found a sacrificial altar of Ru.
  1445 | D:3      | Reached skill level 2 in Short Blades
  1445 | D:3      | Reached skill level 5 in Stealth
  1531 | D:3      | Reached XP level 5. HP: 24/33 MP: 8/8
  1542 | D:3      | Learned a level 3 spell: Dazzling Spray
  2422 | D:3      | Reached XP level 6. HP: 10/38 MP: 0/9
  2426 | D:3      | Reached skill level 3 in Short Blades
  2426 | D:3      | Reached skill level 1 in Conjurations
  2488 | D:3      | Learned a level 3 spell: Confuse
  4090 | D:4      | Reached skill level 4 in Short Blades
  4100 | D:4      | Reached XP level 7. HP: 41/45 MP: 10/10
  4172 | D:4      | Noticed Ijyb
  4186 | D:4      | Killed Ijyb
  4784 | D:5      | Found a staircase to the Ecumenical Temple.
  4949 | Temple   | Entered the Ecumenical Temple
  5067 | Temple   | Became a worshipper of Sif Muna the Loreminder
  5117 | D:6      | Reached skill level 5 in Short Blades
  5200 | D:6      | Reached XP level 8. HP: 50/50 MP: 11/11
  5368 | D:5      | Reached skill level 1 in Shields
  5417 | D:5      | Found a shadowy altar of Dithmenos.
  5493 | D:5      | Reached skill level 6 in Short Blades
  6513 | D:6      | Reached XP level 9. HP: 54/54 MP: 13/13
  6518 | D:6      | Reached * piety under Sif Muna
  6675 | D:6      | Reached skill level 7 in Short Blades
  7430 | D:8      | Found a basalt altar of Yredelemnul.
  7430 | D:8      | Found a hide-covered altar of Uskayaw.
  7482 | D:8      | Noticed Pikel
  7644 | D:7      | Reached skill level 5 in Dodging
  7725 | D:7      | Reached skill level 8 in Short Blades
  7789 | D:7      | Reached ** piety under Sif Muna
  7835 | D:7      | Reached XP level 10. HP: 39/60 MP: 13/15
  8171 | D:8      | Reached skill level 5 in Conjurations
  8624 | D:10     | Entered Level 10 of the Dungeon
  8784 | D:8      | Found a shattered altar of Ashenzari.
  8868 | D:8      | Reached skill level 5 in Shields
  8884 | D:8      | Noticed a two-headed ogre
  8962 | D:8      | Killed a two-headed ogre
  8962 | D:8      | Reached skill level 9 in Short Blades
  9167 | D:9      | Found a staircase to the Orcish Mines.
  9308 | D:9      | Noticed a two-headed ogre
  9469 | D:9      | Slain by a two-headed ogre

Skill      XL: |  1  2  3  4  5  6  7  8  9 10 |
---------------+-------------------------------+-----
Fighting       | 1 2 |  2.1
Short Blades   | 2 4 5 6 8 9 |  9.4
Stealth        | 5 6 7 |  7.0
Conjurations   | 1 2 3 4 5 |  5.5
Dodging        | 3 4 5 6 |  6.5
Shields        | 2 4 5 |  5.4
Hexes          | 4 |  4.8
Spellcasting   | 3 |  3.9

Action                   |  1- 3 |  4- 6 |  7- 9 | 10-12 || total
-------------------------+-------+-------+-------+-------++-------
Melee: Dagger            |    44 |   163 |   331 |   212 ||   750
       Constrict         |     8 |    36 |    57 |    30 ||   131
       Tentacles         |     2 |    38 |    62 |    55 ||   157
Throw: Stone             |       |     2 |     5 |     3 ||    10
       Tomahawk          |       |    11 |    21 |     4 ||    36
 Cast: Dazzling Spray    |       |     3 |     7 |     2 ||    12
       Corona            |       |     1 |     1 |       ||     2
       Tukima's Dance    |       |       |     4 |     6 ||    10
       Confuse           |       |       |       |     1 ||     1
  Use: Scroll            |       |       |     8 |     1 ||     9
       Potion            |       |       |       |     1 ||     1
 Stab: Sleeping          |    21 |    13 |    28 |     4 ||    66
       Distracted        |       |     2 |     3 |     1 ||     6
       Invisible         |       |       |     3 |     1 ||     4
       Confused          |       |       |       |     1 ||     1
  Eat: Chunk             |     2 |     8 |     2 |       ||    12
       Bread ration      |       |     1 |     3 |     2 ||     6
Armor: Skin              |       |     5 |     3 |     2 ||    10
Dodge: Dodged            |     9 |   103 |   205 |    87 ||   404
Block: Buckler           |       |       |    86 |    69 ||   155
       Reflection        |       |       |     1 |     1 ||     2
